[Event "Late-Titled-Tuesday-Blitz-November-28-2023"]
[Site "Chess.com"]
[Date "2023.11.28"]
[Round "1"]
[White "Kostukov_Alex"]
[Black "zouchen6"]
[Result "0-1"]
[WhiteElo "2396"]
[BlackElo "2738"]
[TimeControl "180+1"]
[EndTime "14:05:33 PST"]
[Termination "zouchen6 won by resignation"]

1. g3 Nf6 2. Bg2 g6 3. c4 Bg7 4. Nf3 O-O 5. O-O d6 6. d4 Nbd7 7. Nc3 e5 8. h3 c6 9. e4 exd4 10. Nxd4 Re8 11. Re1 a5 12. Bf4 Nc5 13. Nb3 a4 14. Bxd6 Ncxe4 15. Nxe4 Nxe4 16. Rxe4 Rxe4 17. Bxe4 axb3 18. Ba3 Qxd1+ 19. Rxd1 Rxa3 20. Rd8+ Bf8 21. axb3 Ra8 22. c5 Ra1+ 23. Kg2 Be6 24. b4 Ra4 0-1

[Event "Late-Titled-Tuesday-Blitz-November-28-2023"]
[Site "Chess.com"]
[Date "2023.11.28"]
[Round "1"]
[White "grandemestregringo"]
[Black "komogro"]
[Result "1-0"]
[WhiteElo "2640"]
[BlackElo "2335"]
[TimeControl "180+1"]
[EndTime "14:05:33 PST"]
[Termination "grandemestregringo won by resignation"]

1. f4 d5 2. Nf3 Bg4 3. e3 Nf6 4. h3 Bxf3 5. Qxf3 Nc6 6. Bb5 Qd6 7. O-O a6 8. Ba4 b5 9. Bb3 e6 10. d3 Be7 11. Nc3 O-O 12. Bd2 d4 13. Ne4 Nxe4 14.
dxe4 Qc5 15. Kh1 Rad8 16. e5 Qb6 17. Qe4 dxe3 18. Bxe3 Bc5 19. Bxc5 Qxc5 20. c3 Rd2 21. Rad1 Rfd8 22. Rxd2 Rxd2 23. f5 Nxe5 24. fxe6 Qc6 25. e7 1-0

[Event "Late-Titled-Tuesday-Blitz-November-28-2023"]
[Site "Chess.com"]
[Date "2023.11.28"]
[Round "1"]
[White "Actuary44"]
[Black "SpeedofLight0"]
[Result "1/2-1/2"]
[WhiteElo "2459"]
[BlackElo "2890"]
[TimeControl "180+1"]
[EndTime "14:05:35 PST"]
[Termination "Game drawn by repetition"]

1. e4 Nc6 2. f4 d5 3. e5 Bf5 4. Nf3 e6 5. d4 h5 6. c3 Nh6 7.
Bd3 Be7 8. O-O Na5 9. Be3 c6 10. b3 Rc8 11. h3 h4 12. Bf2 b6 13. Qe2 O-O 14. Nbd2 c5 15. Ba6 Rc7 16. Qe1 c4 17.
Bxh4 Bd3 18. Bxe7 Qxe7 19. Rf2 Rb8 20. bxc4 dxc4 21. Ne4 Bxe4 22. Qxe4 b5 23. Rb1 Rb6 24. Rxb5 Rcc6 25. Rxa5 Rxa6 26. Rxa6 Rxa6 27. Ng5 g6 28.
Qa8+ Kg7 29. Ne4 Rb6 30. Nf6 Rb1+ 31. Kh2 Qa3 32. Ne8+ Kh7 33. Nf6+ Kg7 34. Ne8+ Kh7 35. Nf6+ Kg7 1/2-1/2

[Event "Late-Titled-Tuesday-Blitz-November-28-2023"]
[Site "Chess.com"]
[Date "2023.11.28"]
[Round "1"]
[White "DuleMudule"]
[Black "vidavi"]
[Result "1-0"]
[WhiteElo "2858"]
[BlackElo "2440"]
[TimeControl "180+1"]
[EndTime "14:05:36 PST"]
[Termination "DuleMudule won on time"]

1. d4 Nf6 2. Bg5 Ne4 3. h4 c5 4. dxc5 Qa5+ 5. Nd2 Nc6 6. c3 Nxg5 7. Nb3 Qc7 8. hxg5 g6 9. Nf3 Bg7 10. e3 O-O 11.
Qd5 d6 12. cxd6 exd6 13. Rd1 Rd8 14. Qe4 Ne5 15. Qh4 Nxf3+ 16. gxf3 Be6 17. Qxh7+ Kf8 18. Bd3 a5 19. Nd4 Bxa2 20. Rh4 Be5 21. Bxg6 Re8 22. Be4 d5 23. Bd3 Bg7 24. g6 Qe5 25. gxf7 Kxf7 26.
Qg6+ 1-0

[Event "Late-Titled-Tuesday-Blitz-November-28-2023"]
[Site "Chess.com"]
[Date "2023.11.28"]
[Round "1"]
[White "CheckThis4"]
[Black "The_Princess_Moon"]
[Result "1-0"]
[WhiteElo "2725"]
[BlackElo "2393"]
[TimeControl "180+1"]
[EndTime "14:05:39 PST"]
[Termination "CheckThis4 won by resignation"]

1. e4 c5 2. Nf3 a6 3. c3 b5 4. d4 cxd4 5. cxd4 Bb7 6. Bd3 d6 7. O-O Nf6 8. Re1 e6 9. a4 b4 10.
Nbd2 Be7 11. Nf1 O-O 12. Ng3 a5 13. h3 Nc6 14. Be3 Re8 15. Rc1 Bf8 16. Bb5 Rc8 17. d5 exd5 18. exd5 Ne5 19. Rxc8 Qxc8 20. Bxe8 Nxf3+ 21.
Qxf3 Qxe8 22. Nf5 Bxd5 23. Qg3 Qe4 24. Nh6+ Kh8 25. Bd2 Qc2 26. Qf4 Qxb2 27. Ng4 Nxg4 28. hxg4 Be6 29. Rxe6 Qa1+ 30. Re1 Qxa4 31. Qxf7 1-0

[Event "Late-Titled-Tuesday-Blitz-November-28-2023"]
[Site "Chess.com"]
[Date "2023.11.28"]
[Round "1"]
[White "IMRosen"]
[Black "Schwindle"]
[Result "1-0"]
[WhiteElo "2710"]
[BlackElo "2382"]
[TimeControl "180+1"]
[EndTime "14:05:40 PST"]
[Termination "IMRosen won by resignation"]

1. e4 e6 2. f4 d5 3. e5 c5 4. Nf3 Nc6 5. c3 Bd7 6. Na3 a6 7.
Nc2 f6 8. d4 fxe5 9. fxe5 Qc7 10.
Ng5 Nh6 11. Bd3 O-O-O 12. Bxh7 cxd4 13. cxd4 Be7 14. Bd3 Nxd4 15. Nxd4 Qxe5+ 16. Be2 Bxg5 17. Nf3 Bh4+ 18. Nxh4 Nf5 19. Ng6 Qd6 20. Bf4 e5 21. Qc2+ Bc6 22. Qxf5+ Kb8 23. Bxe5 1-0

[Event "Late-Titled-Tuesday-Blitz-November-28-2023"]
[Site "Chess.com"]
[Date "2023.11.28"]
[Round "1"]
[White "SouS007"]
[Black "Hirna2005"]
[Result "1-0"]
[WhiteElo "2629"]
[BlackElo "2325"]
[TimeControl "180+1"]
[EndTime "14:05:43 PST"]
[Termination "SouS007 won by resignation"]

1. Nf3 g6 2. d4 Bg7 3. g3 d6 4.
Bg2 Nf6 5. O-O O-O 6. b3 Bf5 7. Bb2 Qc8 8. Re1 Nc6 9. Nbd2 Ne4 10. Nh4 Nxd2 11. Qxd2 Bh3 12. Bh1 e5 13. d5 Ne7 14. c4 f5 15. Nf3 f4 16. Ng5 fxg3 17.
fxg3 Bh6 18. Bc1 Rf5 19. Nxh3 Bxd2 20. Bxd2 Kg7 21. e4 Rf1+ 22. Rxf1 Qxh3 23. Bg5 Re8 24.
Bf6+ Kg8 25. Bg2 Qg4 26. Rf2 Nc8 27. Raf1 Rf8 28. Bf3 Qd7 29. Bg5 Qg7 30. Bg4 Rxf2 31. Rxf2 Nb6 32. Be6+ Kh8 33. Bf6 a5 34. Bxg7+ Kxg7 35. Rf7+ 1-0

[Event "Late-Titled-Tuesday-Blitz-November-28-2023"]
[Site "Chess.com"]
[Date "2023.11.28"]
[Round "1"]
[White "Real_taiatai"]
[Black "Harry_Rakkel"]
[Result "1-0"]
[WhiteElo "2382"]
[BlackElo "2678"]
[TimeControl "180+1"]
[EndTime "14:05:45 PST"]
[Termination "Real_taiatai won by resignation"]

1. Nf3 Nf6 2. g3 d5 3. Bg2 c6 4. O-O Bf5 5. b3 e6 6. Bb2 h6 7. d3 Be7 8. Nfd2 a5 9. a3 Bh7 10. e4 O-O 11. Nc3 Na6 12. Qe2 b5 13. f4 b4 14.
axb4 Nxb4 15. Nf3 d4 16. Nd1 c5 17. Ne5 Nd7 18. Nc4 Qc7 19. c3 dxc3 20. Nxc3 Rfb8 21.
f5 Nc6 22. fxe6 fxe6 23. Qg4 Nd4 24. Nb5 Rxb5 25. Bxd4 cxd4 26. Qxe6+ Kh8 27. Qxe7 Qd8 28. Qxd8+ Rxd8 29. Nd6 Rbb8 30. Nf7+ Kg8 31. Nxd8 Rxd8 32. Rxa5 Bg6 33. Rd5 Bf7 34. Rxf7 Kxf7 35. Bh3 1-0

[Event "Late-Titled-Tuesday-Blitz-November-28-2023"]
[Site "Chess.com"]
[Date "2023.11.28"]
[Round "1"]
[White "Teidi96"]
[Black "RodokininEV"]
[Result "0-1"]
[WhiteElo "2264"]
[BlackElo "2592"]
[TimeControl "180+1"]
[EndTime "14:05:45 PST"]
[Termination "RodokininEV won by checkmate"]

1. e4 c5 2. Nf3 d6 3. Bb5+ Nd7 4. d4 cxd4 5. Qxd4 a6 6. Bxd7+ Bxd7 7. c4 e6 8. Nc3 Qc7 9. O-O Nf6 10. b3 Be7 11. a4 b6 12. Ba3 Bc6 13. Rfd1 Rd8 14. Bb4 O-O 15. a5 Qb8 16. Qxb6 Qa8 17. Qe3 Nxe4 18. Nxe4 Bxe4 19. Bc3 Bxf3 20. gxf3 d5 21. cxd5 Rxd5 22. Rxd5 Qxd5 23. Qd4 Qg5+ 24. Kh1 Bf6 25. Qc4 Qh5 26. Kg2 Kh8 27. b4 Rd8 28. Bxf6 gxf6 29. Qf4 Rg8+ 30. Kh1 Rg6 31. Rg1 Kg7 32. Rxg6+ hxg6 33. Qe4 Qb5 34. Qd4 Qf1# 0-1

[Event "Late-Titled-Tuesday-Blitz-November-28-2023"]
[Site "Chess.com"]
[Date "2023.11.28"]
[Round "1"]
[White "jcibarra"]
[Black "czasnaszachy"]
[Result "1-0"]
[WhiteElo "2905"]
[BlackElo "2459"]
[TimeControl "180+1"]
[EndTime "14:05:46 PST"]
[Termination "jcibarra won on time"]

1. e4 c5 2. Nf3 Nc6 3. Nc3 Nd4 4. Bc4 e6 5. Nxd4 cxd4 6. Ne2 Qb6 7. O-O d6 8. c3 dxc3 9. Nxc3 Nf6 10. Re1 Be7 11. d4 O-O 12. e5 dxe5 13. dxe5 Nd7 14. Qh5 Qc7 15. Bb3 g6 16. Qe2 a6 17. Bh6 Rd8 18. Rac1 Qb8 19. Bc2 b5 20. Bf4 Bb7 21. Ne4 Bd5 22.
Bb1 Qb7 23. Qg4 Rac8 24. Rcd1 Rc4 25. f3 Rdc8 26. h4 h5 27. Qg3 Qc6 28. b3 Rc5 29. Nxc5 1-0

[Event "Late-Titled-Tuesday-Blitz-November-28-2023"]
[Site "Chess.com"]
[Date "2023.11.28"]
[Round "1"]
[White "HajiyevKanan"]
[Black "Bala-Afiada"]
[Result "1-0"]
[WhiteElo "2509"]
[BlackElo "1863"]
[TimeControl "180+1"]
[EndTime "14:05:49 PST"]
[Termination "HajiyevKanan won by resignation"]

1. d4 d5 2. c4 c6 3. cxd5 cxd5 4.
Nf3 Nf6 5. Nc3 Nc6 6. Bg5 e6 7. e3 Be7 8. Bd3 O-O 9. O-O h6 10. Bf4 Bd6 11. Ne5 a6 12. Nxc6 bxc6 13. Bxd6 Qxd6 14.
Na4 Nd7 15. Rc1 Rb8 16. Bb1 Rb5 17. Qc2 g6 18. Qxc6 Qxc6 19. Rxc6 Rb4 20. b3 Nf6 21.
Nc5 a5 22. Rc1 Nd7 23. Nd3 Rb8 24. Rc7 a4 25. b4 Nb6 26. Ne5 Nc4 27. Nxc4 dxc4 28.
a3 Ba6 29. Be4 Rfc8 30. Rc5 Bb5 31. h4 Kf8 32. g4 Ke7 33. g5 hxg5 34. hxg5 Rh8 35.
Kg2 Rh5 36. Bf3 Rxg5+ 37. Rxg5 1-0

[Event "Late-Titled-Tuesday-Blitz-November-28-2023"]
[Site "Chess.com"]
[Date "2023.11.28"]
[Round "1"]
[White "FrankDux44"]
[Black "ElephantChessGenius"]
[Result "1/2-1/2"]
[WhiteElo "2553"]
[BlackElo "2230"]
[TimeControl "180+1"]
[EndTime "14:05:50 PST"]
[Termination "Game drawn by repetition"]

1. d4 d5 2. c4 e6 3. Nc3 c6 4.
Nf3 dxc4 5. a4 Bb4 6. e3 b5 7. axb5 cxb5 8. Bd2 Bxc3 9. Bxc3 a5 10. b3 Bb7 11.
bxc4 b4 12. Bd2 Nf6 13. Bd3 O-O 14. O-O Nbd7 15. Qe2 Be4 16. Rfb1 Qc7 17. h3 Rfc8 18. c5 Bxd3 19. Qxd3 Qc6 20. Be1 h6 21. Nd2 Nd5 22.
Nc4 Qb5 23. Qc2 Ra6 24. e4 Nf4 25. g3 Ng6 26. Qb3 e5 27. Nd6 Rxd6 28. cxd6 exd4 29.
Qd5 Qxd5 30. exd5 Rc5 31. Bxb4 axb4 32. Rxb4 Rxd5 33. Rd1 Rxd6 34. Rbxd4 Rxd4 35. Rxd4 Nf6 36. Ra4 Nf8 37. Kg2 g6 38. Ra7 Kg7 39. g4 Ne6 40.
Kg3 Ne4+ 41. Kg2 g5 42. f3 Nf4+ 43. Kh2 Nf2 44. Kg3 N2xh3 45. Ra1 Kg6 46. Rb1 f6 47. Ra1 h5 48. gxh5+ Kxh5 49. Rh1 Kg6 50. Ra1 Kf5 51. Rb1 Kg6 52. Ra1 Kf5 53. Rb1 Kg6 54. Ra1 1/2-1/2

[Event "Late-Titled-Tuesday-Blitz-November-28-2023"]
[Site "Chess.com"]
[Date "2023.11.28"]
[Round "1"]
[White "inagreV"]
[Black "alexrustemov"]
[Result "0-1"]
[WhiteElo "2436"]
[BlackElo "2854"]
[TimeControl "180+1"]
[EndTime "14:05:51 PST"]
[Termination "alexrustemov won on time"]

1. d4 g6 2. c4 Bg7 3. Nf3 d6 4. Nc3 c5 5. dxc5 Bxc3+ 6. bxc3 dxc5 7. Qb3 Nc6 8. g3 Nf6 9. Bg2 O-O 10. O-O Na5 11. Qb5 b6 12. Bh6 Re8 13. Rad1 Bd7 14.
Qa6 Qc8 15. Qxc8 Raxc8 16. Ne5 Be6 17. Bg5 Kg7 18. Bd5 Nxd5 19. cxd5 Bh3 20. Rfe1 f6 21. Bf4 fxe5 22. Bxe5+ Kf7 23. f3 Nc4 24. Bf4 e5 25. Bg5 e4 26. Kf2 e3+ 0-1

[Event "Late-Titled-Tuesday-Blitz-November-28-2023"]
[Site "Chess.com"]
[Date "2023.11.28"]
[Round "1"]
[White "JackRodgers"]
[Black "wallowss"]
[Result "1-0"]
[WhiteElo "2567"]
[BlackElo "2225"]
[TimeControl "180+1"]
[EndTime "14:05:57 PST"]
[Termination "JackRodgers won by resignation"]

1. d4 Nf6 2. Bg5 e6 3. e4 c5 4.
d5 h6 5. Bxf6 Qxf6 6. Nc3 d6 7.
Nf3 Bd7 8. dxe6 fxe6 9. Bc4 Nc6 10. O-O Be7 11. Re1 Nd4 12. Nxd4 cxd4 13. Ne2 Rc8 14. Bb3 e5 15. Ng3 Be6 16. Nh5 Qg6 17. Bxe6 Rc7 18.
Bf5 Qg5 19. Ng3 g6 20. Be6 Qf6 21. Bb3 Rf8 22. Qd2 h5 23. h3 h4 24. Nf1 g5 25.
Nh2 d5 26. Ng4 Qg7 27. exd5 Bd6 28. Qxd4 Kd8 29. Qxa7 Bc5 30. Qa8+ Kd7 31. Qa4+ Kd6 32. Re2 b6 33. Rf1 Rcf7 34. Qc6+ Ke7 35. Rxe5+ Kd8 36. d6 1-0

[Event "Late-Titled-Tuesday-Blitz-November-28-2023"]
[Site "Chess.com"]
[Date "2023.11.28"]
[Round "1"]
[White "ArtemDyachuk"]
[Black "NowInChess"]
[Result "1-0"]
[WhiteElo "2549"]
[BlackElo "2189"]
[TimeControl "180+1"]
[EndTime "14:05:59 PST"]
[Termination "ArtemDyachuk won by resignation"]

1. e4 e6 2. d3 d5 3. Nd2 Nf6 4. Qe2 Be7 5. g3 dxe4 6. dxe4 e5 7. Bg2 Nc6 8. c3 O-O 9. Ngf3 a5 10. O-O b6 11. b3 Ba6 12. Nc4 Ne8 13. Nfd2 Nd6 14. Rd1 Nxc4 15. Nxc4 Bxc4 16. bxc4 Qc8 17. Be3 Qe6 18. Rd5 a4 19. h4 Na5 20. Kh2 c6 21. Bh3 Qg6 22. Bf5 cxd5 23. Bxg6 hxg6 24. cxd5 Bc5 25. Bxc5 bxc5 26. Rb1 c4 27. Rb5 Rfb8 28. Qb2 Rc8 29. Qb4 Nb3 30. axb3 cxb3 31. Qa3 Rcb8 32. c4 Rxb5 33. cxb5 Rb8 34. Qxa4 b2 35. Qb4 1-0

[Event "Late-Titled-Tuesday-Blitz-November-28-2023"]
[Site "Chess.com"]
[Date "2023.11.28"]
[Round "1"]
[White "el_sporco"]
[Black "FaustinoOro"]
[Result "1-0"]
[WhiteElo "2456"]
[BlackElo "2846"]
[TimeControl "180+1"]
[EndTime "14:06:00 PST"]
[Termination "el_sporco won by resignation"]

1. e4 e5 2. Nf3 Nc6 3. Bb5 a6 4. Ba4 Nf6 5. O-O b5 6. Bb3 Bc5 7. c3 d6 8. d4 Bb6 9. a4 Rb8 10. Qd3 exd4 11. cxd4 O-O 12. Bg5 h6 13. Bh4 Bg4 14.
Nbd2 Re8 15. Rfe1 Ba5 16. Re3 Bb6 17. Ree1 Ba5 18. Re3 Bb6 19. Rc1 Bd7 20. axb5 axb5 21.
e5 dxe5 22. dxe5 Bxe3 23. exf6 Bxd2 24. Qg6 1-0

[Event "Late-Titled-Tuesday-Blitz-November-28-2023"]
[Site "Chess.com"]
[Date "2023.11.28"]
[Round "1"]
[White "Chessbard1972"]
[Black "Ellaijio_B"]
[Result "0-1"]
[WhiteElo "2416"]
[BlackElo "2781"]
[TimeControl "180+1"]
[EndTime "14:06:00 PST"]
[Termination "Ellaijio_B won by resignation"]

1. d4 d5 2. c4 e6 3. Nc3 Be7 4. Nf3 Nf6 5. Bg5 O-O 6. e3 h6 7. Bxf6 Bxf6 8. Qc2 a6 9. cxd5 exd5 10. h4 Be6 11.
Ne5 Bxe5 12. dxe5 c5 13. O-O-O Nc6 14. Bc4 d4 15. Bxe6 fxe6 16. Ne4 Nxe5 17. Kb1 d3 18. Qc3 Qd5 19. Nxc5 Rac8 20. b4 Rxf2 21. Qb3 Rxg2 22. Qxd5 exd5 23. Nxd3 Nc4 24. Rc1 Re8 25. Nf4 Rd2 26.
Rhd1 Na3+ 27. Ka1 Nc2+ 28. Kb1 Rxd1 29. Rxd1 Nxe3 30. Re1 Re4 31. Nxd5 Nxd5 32. Rxe4 Nc3+ 33. Kc2 Nxe4 34. Kd3 Nf6 35. Kd4 g5 36. hxg5 hxg5 37. Ke5 g4 38. Kf4 Kf7 0-1

[Event "Late-Titled-Tuesday-Blitz-November-28-2023"]
[Site "Chess.com"]
[Date "2023.11.28"]
[Round "1"]
[White "SaqoChess_Twitch"]
[Black "Suspenser17"]
[Result "1-0"]
[WhiteElo "2636"]
[BlackElo "2331"]
[TimeControl "180+1"]
[EndTime "14:06:00 PST"]
[Termination "SaqoChess_Twitch won by checkmate"]

1. d4 d5 2. c4 c6 3. Nc3 Nf6 4. e3 e6 5. Nf3 Nbd7 6. Bd3 dxc4 7. Bxc4 b5 8. Bd3 Bd6 9. e4 e5 10. O-O Bb7 11. Bg5 exd4 12. Nxd4 Ne5 13. Be2 Bc5 14. Nf5 O-O 15. Qc1 Bc8 16. Rd1 Qc7 17. Bxf6 gxf6 18. Qh6 Bxf5 19. exf5 Qe7 20. Ne4 Ng4 21. Qf4 Nxf2 22. Nxc5 Nxd1 23. Ne4 Nxb2 24. Rb1 Nc4 25. Rb3 Qe5 26. Qh6 Qd4+ 27. Nf2 Kh8 28.
Rh3 Qf4 29. Qxh7# 1-0

[Event "Late-Titled-Tuesday-Blitz-November-28-2023"]
[Site "Chess.com"]
[Date "2023.11.28"]
[Round "1"]
[White "Hypercar"]
[Black "Grischuk"]
[Result "1/2-1/2"]
[WhiteElo "2506"]
[BlackElo "3079"]
[TimeControl "180+1"]
[EndTime "14:06:02 PST"]
[Termination "Game drawn by repetition"]

1. d4 e6 2. c4 b6 3. Nf3 Bb7 4.
g3 Bb4+ 5. Nbd2 c5 6. dxc5 Bxc5 7. Bg2 Nf6 8. O-O O-O 9. b3 Be7 10. Bb2 a6 11. Qc2 h6 12. Rad1 Qc7 13. Qb1 d6 14. Ne1 Nbd7 15. Bxb7 Qxb7 16. Ng2 b5 17. Rc1 Rfd8 18. Rfd1 Rac8 19. Nf4 Ne5 20. Bxe5 dxe5 21. Ng2 Bb4 22. Nf3 Rxd1+ 23. Rxd1 e4 24. Nd4 bxc4 25. bxc4 Qe7 26. Rc1 Bc5 27. Nb3 Ba7 28. Qc2 Qb4 29. e3 a5 30. h3 a4 31. Nd4 Bxd4 32. exd4 Rd8 33. Rd1 Rc8 34. Rc1 Rd8 35. Rd1 Rc8 36.
Rc1 1/2-1/2

[Event "Late-Titled-Tuesday-Blitz-November-28-2023"]
[Site "Chess.com"]
[Date "2023.11.28"]
[Round "1"]
[White "Yurasova_Daria"]
[Black "AryanTari"]
[Result "0-1"]
[WhiteElo "2476"]
[BlackElo "2973"]
[TimeControl "180+1"]
[EndTime "14:06:05 PST"]
[Termination "AryanTari won by checkmate"]

1. e4 Nc6 2. d4 d6 3. Nf3 Bg4 4. Be2 Nf6 5. Nc3 e5 6. d5 Bxf3 7. Bxf3 Nd4 8. Be3 g6 9. Be2 Bg7 10. f3 O-O 11. Qd2 Nh5 12. O-O-O c5 13. g3 a6 14. Rdf1 b5 15. Bd1 Qa5 16. Kb1 b4 17. Ne2 Rab8 18. g4 Nf4 19. Bxf4 exf4 20. Nxd4 Bxd4 21. h4 Bc3 22. Qc1 c4 23. h5 g5 24.
h6 f6 25. Ka1 Be5 26. Be2 b3 27. cxb3 cxb3 28. Bc4 Qxa2# 0-1

[Event "Late-Titled-Tuesday-Blitz-November-28-2023"]
[Site "Chess.com"]
[Date "2023.11.28"]
[Round "1"]
[White "le-castor-faineant"]
[Black "dcremisi"]
[Result "0-1"]
[WhiteElo "2245"]
[BlackElo "2580"]
[TimeControl "180+1"]
[EndTime "14:06:06 PST"]
[Termination "dcremisi won by resignation"]

1. e4 e6 2. d4 d5 3. Nc3 Bb4 4.
e5 c5 5. Qg4 Ne7 6. Qxg7 Rg8 7.
Qxh7 cxd4 8. a3 Qa5 9. axb4 Qxa1 10. Nce2 Nbc6 11. Nf3 Nxb4 12. Nfxd4 Bd7 13. c3 Rc8 14. Kd2 Nbc6 15. f4 Na5 16. Ke3 Nc4+ 17. Kf2 Nxb2 18. Bxb2 Qxb2 19. g3 a5 20. Bg2 Rxc3 21. Rb1 Qd2 22. Rxb7 Qe3+ 23. Kf1 a4 24. f5 Rd3 25. Rb8+ Bc8 26. Rxc8+ Kd7 27. fxe6+ Kxc8 28. Nc2 Rd1+ 29.
Ne1 Qd2 0-1

[Event "Late-Titled-Tuesday-Blitz-November-28-2023"]
[Site "Chess.com"]
[Date "2023.11.28"]
[Round "1"]
[White "tantaan"]
[Black "GoltsevDmitry2000"]
[Result "0-1"]
[WhiteElo "2353"]
[BlackElo "2670"]
[TimeControl "180+1"]
[EndTime "14:06:08 PST"]
[Termination "GoltsevDmitry2000 won by checkmate"]

1. e4 e6 2. d4 d5 3. Nc3 c5 4. exd5 exd5 5. dxc5 Nf6 6. Bg5 Bxc5 7. Qe2+ Be6 8.
O-O-O O-O 9. Qf3 Bg4 10. Qxg4 Nxg4 11. Bxd8 Nxf2 12. Rxd5 Be3+ 13. Kb1 Nxh1 14. Be7 Re8 15. Nf3 Nc6 16. Bh4 Nf2 17. a3 Ne4 18. Nb5 Rac8 19.
Bd3 a6 20. Bxe4 axb5 21. Bd3 b4 22. Bf5 Ra8 23. axb4 Nxb4 24. Rb5 Nc6 25. Bd7 Re4 26. Rxb7 Ne5 27. Bf5 Nxf3 28. Bxe4 Nd2+ 29. Kc1 Ra1# 0-1

[Event "Late-Titled-Tuesday-Blitz-November-28-2023"]
[Site "Chess.com"]
[Date "2023.11.28"]
[Round "1"]
[White "stolencandy13"]
[Black "LUISMIGUELOV"]
[Result "1-0"]
[WhiteElo "2553"]
[BlackElo "2206"]
[TimeControl "180+1"]
[EndTime "14:06:11 PST"]
[Termination "stolencandy13 won by resignation"]

1. e4 c6 2. d4 d5 3. e5 c5 4.
dxc5 Nc6 5. Nf3 Bg4 6. c3 a5 7. Bb5 e6 8. Qa4 Bxf3 9. Bxc6+ bxc6 10. Qxc6+ Ke7 11. gxf3 Rc8 12. Qd6+ Ke8 13. Qxd8+ Kxd8 14. b4 Ne7 15. Bg5 h6 16. Bxe7+ Bxe7 17. Nd2 Kd7 18. Ke2 Rc7 19. Nb3 axb4 20. cxb4 Rb8 21. a3 f6 22. f4 g5 23. fxg5 hxg5 24. exf6 Bxf6 25. Ra2 Ra7 26. Nc1 Kc6 27. Kd3 e5 28. Rg1 e4+ 29.
Kc2 d4 30. Kb3 d3 31. f3 exf3 32. Nxd3 Rd8 33. Ne1 f2 34. Rxf2 Bd4 35. Rd2 Bxc5 36. Rxd8 Bxg1 37. Nf3 Be3 38. Re8 Bf4 39. a4 g4 40.
Ne5+ Kd5 41. Nxg4 Rg7 42. h3 Rh7 43. Nf6+ 1-0

[Event "Late-Titled-Tuesday-Blitz-November-28-2023"]
[Site "Chess.com"]
[Date "2023.11.28"]
[Round "1"]
[White "joppie2"]
[Black "nindjaxx8"]
[Result "1-0"]
[WhiteElo "3005"]
[BlackElo "2482"]
[TimeControl "180+1"]
[EndTime "14:06:12 PST"]
[Termination "joppie2 won by resignation"]

1. e4 e6 2. d4 d5 3. Nc3 dxe4 4. Nxe4 Nd7 5. Nf3 Ngf6 6. Nxf6+ Nxf6 7. g3 b6 8. Ne5 Bd7 9. Bg2 Rb8 10. Nc6 Bxc6 11. Bxc6+ Nd7 12. c3 b5 13. Qe2 a6 14.
d5 Qe7 15. Bg5 Qxg5 16. dxe6 fxe6 17. Qxe6+ Qe7 18. Bxd7+ Kd8 19. O-O-O Qxe6 20. Bxe6+ Ke7 21. Rhe1 Kf6 22. Rd7 Bd6 23. Rf7+ Kg6 24. f4 Rhe8 25. f5+ Kh6 26. Re4 Re7 27. Rh4+ Kg5 28. Rxe7 Bxe7 29. Rxh7 Bf6 30. Rh4 Rd8 31. Kc2 c5 32. Re4 Kh5 33. h4 c4 34. Bf7+ Kh6 35. Re6 Kh7 36. Bg6+ Kh6 37.
Bf7 Kh7 38. Rxa6 Rd3 39. Bg6+ Kh6 40. Ra8 Bd8 41. b4 Rd6 42. a4 bxa4 43. Rxd8 Rxd8 44. g4 1-0

[Event "Late-Titled-Tuesday-Blitz-November-28-2023"]
[Site "Chess.com"]
[Date "2023.11.28"]
[Round "1"]
[White "Ali_rastbod"]
[Black "ChessLebaneseSalah"]
[Result "1-0"]
[WhiteElo "2781"]
[BlackElo "2416"]
[TimeControl "180+1"]
[EndTime "14:06:12 PST"]
[Termination "Ali_rastbod won by resignation"]

1. e4 c5 2. Nf3 d6 3. Bb5+ Bd7 4. c4 Nf6 5. Nc3 Nc6 6. O-O e5 7. h3 Be7 8. d3 a6 9. Ba4 O-O 10. Nh4 Nd4 11. Bxd7 Qxd7 12. Bg5 Nxe4 13. Nxe4 f5 14. Bxe7 Qxe7 15. Nxf5 Rxf5 16. Rb1 a5 17. b3 Raf8 18.
a3 Qh4 19. Qg4 Qxg4 20. hxg4 Rf4 21. f3 Rd8 22. b4 axb4 23. axb4 b6 24. bxc5 bxc5 25.
Rb7 Rf7 26. Rfb1 Ne2+ 27. Kf2 Nf4 28. Rxf7 Kxf7 29. Rb3 h5 30. g3 Nh3+ 31. Kg2 hxg4 32. fxg4 Rh8 33. Rb7+ Kg6 34. Rb6 Kf7 35. Rxd6 Ke7 36.
Rg6 Kf7 37. Rc6 Ke7 38. Rxc5 Ke6 39. Rc6+ Kd7 40. Rg6 Ke7 41. c5 Kf7 42. Rb6 Ke7 43. c6 Ke6 44. c7+ Kd7 45. Rb8 1-0

[Event "Late-Titled-Tuesday-Blitz-November-28-2023"]
[Site "Chess.com"]
[Date "2023.11.28"]
[Round "1"]
[White "Andrei_Skvortsov"]
[Black "sakkikuska"]
[Result "1-0"]
[WhiteElo "2734"]
[BlackElo "2399"]
[TimeControl "180+1"]
[EndTime "14:06:12 PST"]
[Termination "Andrei_Skvortsov won by resignation"]

1. e4 c5 2. d4 cxd4 3. Qxd4 Nc6 4. Qd3 e6 5. Nc3 Nf6 6. Bf4 d6 7. O-O-O e5 8. Bg5 Be6 9. Nge2 a6 10. f4 exf4 11. a3 Ne5 12. Qd4 Nc6 13. Qf2 h6 14. Bxf4 Be7 15. h3 b5 16. g4 b4 17. axb4 Qb8 18.
Nd4 Ne5 19. Nxe6 fxe6 20. Qd4 O-O 21. Bc4 Nxc4 22. Qxc4 Kh8 23. Qxe6 Qxb4 24. Qxe7 Rab8 25. Rd3 Qxb2+ 26. Kd2 Rbe8 27. Qxd6 Rf7 28. Rb1 Qxc3+ 29. Rxc3 Nxe4+ 30. Kc1 Nxd6 31. Bxd6 Re1+ 32. Kb2 Rb7+ 33. Rb3 Rd7 1-0

[Event "Late-Titled-Tuesday-Blitz-November-28-2023"]
[Site "Chess.com"]
[Date "2023.11.28"]
[Round "1"]
[White "Sacbutt"]
[Black "ChessSwole"]
[Result "0-1"]
[WhiteElo "2355"]
[BlackElo "2675"]
[TimeControl "180+1"]
[EndTime "14:06:19 PST"]
[Termination "ChessSwole won by checkmate"]

1. e4 e6 2. d4 d5 3. e5 c5 4.
c3 Ne7 5. dxc5 Nec6 6. b4 Nxe5 7. Nf3 Nxf3+ 8. Qxf3 Be7 9. Bd3 a5 10. Bb2 b6 11.
cxb6 axb4 12. cxb4 Bxb4+ 13. Nd2 O-O 14. Qg4 Bxd2+ 15.
Kxd2 e5 16. Qg3 Nc6 17. Rhc1 Qxb6 18. Bxe5 Nxe5 19. Qxe5 Qxf2+ 20. Qe2 Qf4+ 21. Qe3 Qb4+ 22. Ke2 Ba6 23. Kf1 Rfe8 24. Qf3 Bc4 25. Bxc4 dxc4 26. Qc3 Qe7 27. Qxc4 Ra5 28. a4 Qe3 29. Qc3 Rf5# 0-1

[Event "Late-Titled-Tuesday-Blitz-November-28-2023"]
[Site "Chess.com"]
[Date "2023.11.28"]
[Round "1"]
[White "GothamChess"]
[Black "AsaHoffmann"]
[Result "1-0"]
[WhiteElo "2655"]
[BlackElo "2344"]
[TimeControl "180+1"]
[EndTime "14:06:19 PST"]
[Termination "GothamChess won by resignation"]

1. d4 Nf6 2. Bg5 e6 3. Nd2 Be7 4. e3 b6 5. Qf3 Nc6 6. c3 Bb7 7. e4 d6 8. Bxf6 Bxf6 9. Bd3 Ne7 10. h4 h5 11. g3 Ng6 12. Bb5+ Ke7 13. Nh3 c5 14. Nb3 a6 15. Bd3 Rc8 16. Qe2 b5 17. dxc5 dxc5 18. Bc2 Re8 19. Qxh5 c4 20. Rd1 Qb6 21.
Nd4 Rc5 22. Qe2 b4 23. O-O bxc3 24. bxc3 Qa5 25. Qe3 Ne5 26. Rb1 Bc8 27. Rb8 Nd3 28.
Bxd3 cxd3 29. Nb3 1-0